 Seeded DCSS version 0.28-a0-1447-ga5a8893891 (webtiles) character file.

Game seed: 20220111 (custom seed)

84 flotson the Ducker (level 4, -3/34 HPs)
             Began as a Demonspawn Gladiator on Jan 11, 2022.
             Killed by divine providence
             ... invoked by an orc priest
              (9 damage)
             ... on level 3 of the Dungeon.
             The game lasted 00:02:12 (2780 turns).

flotson the Ducker (Demonspawn Gladiator)           Turns: 2780, Time: 00:02:13

Health: -3/34      AC:  6    Str: 16    XL:     4   Next: 23%
Magic:  4/4        EV: 13    Int:  9    God:
Gold:   58         SH:  0    Dex: 15    Spells: 3/3 levels left

rFire   . . .      SeeInvis .   k - +0 trident
rCold   . . .      Faith    .   n - orb {mayhem}
rNeg    + . .      Spirit   .   g - +0 ring mail
rPois   .          Reflect  .   c - +0 helmet
rElec   .          Harm     .   (no cloak)
rCorr   .          Rampage  .   (no gloves)
Will    .....                   (no boots)
Stlth   +.........              (no amulet)
HPRegen 0.11/turn               j - ring of positive energy
MPRegen 0.09/turn               (no ring)

@: no status effects
A: repulsion field 1, powered by death 1
a: no special abilities


You were on level 3 of the Dungeon.
You visited 1 branch of the dungeon, and saw 3 of its levels.

You collected 58 gold pieces.

Inventory:

Hand Weapons
 a - a +0 war axe
 k - a +0 trident (weapon)
Missiles
 d - 5 throwing nets (quivered)
Armour
 c - a +0 helmet (worn)
 g - a +0 ring mail (worn)
 n - an orb of mayhem (worn)
Jewellery
 j - a ring of positive energy (left hand)
Scrolls
 b - a scroll of fear {unknown}
 f - 4 scrolls of identify {unknown}
 l - a scroll of fog {unknown}
Potions
 e - 2 potions of cancellation {unknown}
 h - a potion of attraction {unknown}
 i - a potion of magic {unknown}
 m - a potion of ambrosia {unknown}


   Skills:
 + Level 2.7 Fighting
 + Level 3.1 Axes
 + Level 2.4 Throwing
 + Level 1.3 Armour
 + Level 3.1 Dodging


You had 3 spell levels left.
You didn't know any spells.
Your spell library contained the following spells:

 Spells                   Type           Power      Damage    Failure   Level
 Corpse Rot               Necr/Air       0%         N/A       75%         2
 Poisonous Vapours        Pois/Air       0%         N/A       75%         2
 Frozen Ramparts          Ice            0%         1d2       93%         3
 Ice Form                 Ice/Tmut       0%         N/A       100%        4
 Summon Ice Beast         Ice/Summ       0%         N/A       100%        4


Dungeon Overview and Level Annotations

Branches:
Dungeon (3/15)

Altars:


Innate Abilities, Weirdness & Mutations

You are surrounded by a mild repulsion field. (EV +2)
You regenerate a little health from kills.


Message History

You hit the orc but do no damage. The orc hits you with a +0 war axe.
You barely miss the orc. The orc hits you with a +0 war axe.
You closely miss the orc. The orc barely misses you.
You hit the orc.
The orc is heavily wounded.
The orc priest begins to cast a cantrip, but forgets the words!
The orc hits you with a +0 war axe.
You hit the orc.
The orc is heavily wounded.
You closely miss the orc.
The orc is heavily wounded.
The orc hits you with a +0 war axe!
You are too injured to fight recklessly!
You are too injured to fight recklessly!
You are too injured to fight recklessly!
You are too injured to fight recklessly!
You are too injured to fight recklessly!
You are too injured to fight recklessly!
You closely miss the orc.
The orc is heavily wounded.
You hit the orc.
You kill the orc!
You closely miss the orc priest. The orc priest hits you with a +0 whip.
You hit the orc priest but do no damage.
The orc priest closely misses you.
You closely miss the orc priest.
The orc priest hits you but does no damage.
You barely miss the orc priest. The orc priest hits you with a +0 whip.
The orc priest mumbles some strange prayers to Beogh against you.
Beogh smites you!
* * * LOW HITPOINT WARNING * * *
You hit the orc priest.
The orc priest is lightly wounded.
The orc priest hits you with a +0 whip.
* * * LOW HITPOINT WARNING * * *
You barely miss the orc priest.
The orc priest is lightly wounded.
The orc priest calls down the wrath of Beogh upon you.
Beogh smites you!
You die...

##...#####.##.#
#........#.##.#
#.#.#.#....##..
#.......##.##.#
###.#.#.#........
#..........#.#.#.
#.#.#.#.#........
##.#..........#.#.
##@#.#..#.####.....
###o###.#.#.#
##..## #.o##
#...#.. ..# #)#.#
... # #. #o# .#.#
..


oo. ...# ##. #.# #..# #. .... #. ... You could see an orc priest and an orc.

Vanquished Creatures
  4 adders
  2 orcs (D:3)
  7 endoplasms
  A giant cockroach (D:3)
  3 goblins (D:1)
  3 hobgoblins
  3 kobolds
  2 quokkas (D:1)
  4 ball pythons
  6 bats
  5 frilled lizards
  5 rats
45 creatures vanquished.

Notes
Turn   | Place    | Note
-------+----------+-------------------------------------------
     0 | D:1      | flotson the Demonspawn Gladiator began the quest for the
                  | Orb.
     0 | D:1      | Reached XP level 1. HP: 16/16 MP: 1/1
   394 | D:1      | Gained mutation: You are surrounded by a mild repulsion
                  | field. (EV +2) [demonic ancestry]
   394 | D:1      | Reached XP level 2. HP: 22/22 MP: 2/2
   707 | D:1      | Found a faded altar of an unknown god.
  1183 | D:2      | Gained mutation: You regenerate a little health from kills.
                  | [demonic ancestry]
  1183 | D:2      | Reached XP level 3. HP: 12/28 MP: 3/3
  1343 | D:2      | Reached skill level 1 in Armour
  2630 | D:3      | Reached XP level 4. HP: 32/34 MP: 4/4
  2780 | D:3      | Killed from afar by an orc priest

Illustrated notes

Levels and vault maps discovered:
D:1:      dpeg_arrival_more_subterranean_lakeside_camping, layout_basic,
          dreamdust_ecumenical_altar_statues
D:2:      layout_basic
D:3:      layout_loops_cross, gammafunk_ghost_arena, serial_shops,
          nicolae_lakefront_shop, serial_glass, glass_columns_a,
          glass_columns_a, glass_columns_b, glass_columns_a, glass_columns_b,
          glass_columns_b, glass_columns_a, glass_columns_a,
          kennysheep_generic_room_8

Skill      XL: |  1  2  3 |
---------------+----------+-----
Throwing       | 2 |  2.4
Dodging        | 3 |  3.1
Axes           | 3 |  3.1
Armour         | 1 |  1.3
Fighting       | |  2.7

Action                   |  1- 3 |  4- 6 || total
-------------------------+-------+-------++-------
Melee: War axe           |    90 |       ||    90
       Trident           |    44 |    39 ||    83
       Punch             |     1 |       ||     1
Armor: Ring mail         |    45 |     7 ||    52
       Leather armour    |     6 |       ||     6
Dodge: Dodged            |   123 |    18 ||   141

Table legend: (Time is in decaauts)
 A = Elapsed time spent in this place.
 B = Non-inter-level travel time spent in this place.
 C = Inter-level travel time spent in this place.
 D = Time resting spent in this place.
 E = Time spent auto-exploring this place.
 F = Levels seen in this place.
 G = Mean time per level.
                   A        B        C        D        E       F      G
               +--------+--------+--------+--------+--------+-----+--------+
         Total |   2828 |   2752 |     76 |      0 |   2364 |   3 |  942.7 |
       Dungeon |   2828 |   2752 |     76 |      0 |   2364 |   3 |  942.7 |
               +--------+--------+--------+--------+--------+-----+--------+

Top non-repeatable levels by time:
     D:2: 1419 daAuts
     D:1: 1100 daAuts
     D:3: 309 daAuts
